 Dungeon Crawl Stone Soup version 0.30.1-9-gdf580d7c3d (webtiles) character file.

Game seed: 4436917203325580340

3784 pop123321pop the Destroyer (level 9, -1/45 HPs)
             Began as a Deep Elf Conjurer on Sept 30, 2023.
             Slain by a boulder beetle (19 damage)
             ... on level 9 of the Dungeon.
             The game lasted 00:30:24 (11321 turns).

pop123321pop the Destroyer (Deep Elf Conjurer)     Turns: 11321, Time: 00:30:24

Health: -1/45      AC:  6    Str:  8    XL:     9   Next: 95%
Magic:  11/24      EV: 25    Int: 27    God:
Gold:   472        SH:  0    Dex: 12    Spells: 19/27 levels left

rFire   . . .        w - +3 rapier (protect)
rCold   + . .        (no shield)
rNeg    . . .        i - +1 leather armour {rC+}
rPois   .            r - +0 helmet
rElec   .            B - +0 cloak {rCorr}
rCorr   +            (no gloves)
SInv    .            (no boots)
Will    .....        (no amulet)
Stlth   +++          k - +5 ring of evasion
HPRegen 0.27/turn    l - +5 ring of evasion
MPRegen 0.19/turn

%: no passive effects
@: no status effects
A: deterioration 1, strong 1
a: no special abilities


You were on level 9 of the Dungeon.
You visited 1 branch of the dungeon, and saw 9 of its levels.

You collected 472 gold pieces.

Inventory:

Hand Weapons
 w - a +3 rapier of protection (weapon)
Missiles
 n - 2 throwing nets
Armour
 i - a +1 leather armour of cold resistance (worn)
 r - a +0 helmet (worn)
 B - a +0 cloak of preservation (worn)
Jewellery
 k - a +5 ring of evasion (left hand)
 l - a +5 ring of evasion (right hand)
 s - an amulet of faith
Wands
 a - a wand of digging (5)
 e - a wand of flame (14)
 u - a wand of charming (4)
 y - a wand of polymorph (6)
 z - a wand of mindburst (24)
Scrolls
 c - a scroll of enchant weapon
 g - 2 scrolls of magic mapping
 o - 3 scrolls of vulnerability
 q - a scroll of fear
 v - 3 scrolls of immolation
 A - a scroll of enchant armour {unknown}
 C - a scroll of fog {unknown}
Potions
 b - 3 potions of magic
 d - 2 potions of brilliance
 f - 3 potions of attraction
 h - a potion of curing
 j - 2 potions of might {unknown}
 m - 3 potions of degeneration
 p - 2 potions of mutation
 t - 2 potions of resistance {unknown}
 x - a potion of ambrosia {unknown}


   Skills:
 - Level 0.4 Armour
 - Level 10.0 Dodging
 + Level 5.6 Stealth
 * Level 9.9 Spellcasting
 - Level 10.2 Conjurations


You had 19 spell levels left.
You knew the following spells:

 Your Spells              Type           Power      Damage    Failure   Level
a - Magic Dart            Conj           100%       1d8       1%          1
b - Searing Ray           Conj           100%       2d8       1%          2
c - Ensorcelled Hibernat  Hex/Ice        26%        N/A       10%         2
d - Dazzling Flash        Conj/Hex       82%        N/A       2%          3

Your spell library contained the following spells:

 Spells                   Type           Power      Damage    Failure   Level
 Flame Wave               Conj/Fire      41%        2d11      8%          4
 Fulminant Prism          Conj/Hex       20%        3d12      8%          4
 Iskenderun's Mystic Bla  Conj/Tloc      41%        2d9       8%          4
 Sticky Flame             Conj/Fire      41%        2d6       8%          4
 Inner Flame              Hex/Fire       13%        N/A       19%         3
 Spider Form              Tmut/Pois      13%        N/A       19%         3
 Anguish                  Hex/Necr       6%         N/A       52%         4


Dungeon Overview and Level Annotations

Branches:
Dungeon (9/15)
 Temple: D:4-7         Lair: D:8-11         Orc: D:9-12

Altars:
Dithmenos
Elyvilon
Nemelex Xobeh
The Shining One

Shops:
D:7 (


Innate Abilities, Weirdness & Mutations

Your body sometimes deteriorates upon taking damage.
Your muscles are strong. (Str +4, Int/Dex -1)


Message History

Aim: a boulder beetle (rolling, 100% to hit)
The magic dart hits the boulder beetle.
The boulder beetle is lightly wounded.
Casting: Magic Dart (safe; 1% risk of failure)
Confirm with . or Enter, or press ? or * to list all spells.
Casting: Dazzling Flash (dangerous; 2% risk of failure)
Press: ? - help, Dir - look around, f - activate The boulder beetle is dazzled.
Casting: Dazzling Flash (dangerous; 2% risk of failure)
Confirm with . or Enter, or press ? or * to list all spells.
Aiming: Searing Ray (safe; 1% risk of failure)
Press: ? - help, Shift-Dir - straight line, f - boulder beetle
Aim: a boulder beetle (rolling, blind, 100% to hit)
The searing ray hits the boulder beetle but does no damage. (Press . to maintain the ray.)
The boulder beetle completely misses you.
The boulder beetle stops rolling and uncurls.
The searing ray hits the boulder beetle.
The boulder beetle is lightly wounded.
The searing ray hits the boulder beetle but does no damage.
The boulder beetle is lightly wounded.
The searing ray hits the boulder beetle but does no damage.
You finish channelling your searing ray.
The boulder beetle is no longer blind.
The boulder beetle bites you!
Unknown command.
Casting: Searing Ray (safe; 1% risk of failure)
Confirm with . or Enter, or press ? or * to list all spells.
Aiming: Searing Ray (safe; 1% risk of failure)
Press: ? - help, Shift-Dir - straight line, f/p - boulder beetle
Aim: a boulder beetle (100% to hit)
The searing ray hits the boulder beetle.
The boulder beetle is lightly wounded. (Press . to maintain the ray.)
The boulder beetle completely misses you.
The searing ray hits the boulder beetle but does no damage.
The boulder beetle bites you!
The searing ray hits the boulder beetle.
The boulder beetle is lightly wounded.
The boulder beetle bites you!!
You die...

#...#..#'##..#..#'##
#...#..'..####..+..#
#'###'##..#..####..#
.......####..# ....#
.......#..'..# ....#
.......#..#+####...#
.......#'##....#...#
####'###.......#...#
.......#.......#@B.#
.......#..#....#...#
.......#..#....#...#
....^..#.)#....'...#
###....#..#....#...#
..#....####....#####
).#.......'....#...#
..#.......######...#
..#.......#....#...#


You could see a boulder beetle.

Vanquished Creatures
  Pikel (D:7)
  Maurice (D:8)
  2 wyverns
  A steam dragon (D:8)
  Eustachio (D:5)
  An orc warrior (D:8)
  2 black bears
  An ice beast (D:5)
  A sky beast (D:6)
  3 ogres
  3 centaurs
  A phantom (D:6)
  4 lemures (D:7)
  4 bullfrogs
  2 scorpions
  2 gnoll sergeants
  4 wights (D:8)
  A howler monkey (D:6)
  3 hounds
  2 orc priests (D:3)
  3 iguanas
  3 orc wizards
  17 gnolls
  7 adders
  A shadow imp (D:5)
  A white imp (D:7)
  2 ufetubi
  2 dart slugs
  30 orcs
  11 ball pythons
  5 endoplasms
  7 giant cockroaches
  5 goblins
  10 hobgoblins
  4 jackals
  3 quokkas
  4 frilled lizards
  4 kobolds
  6 rats
165 creatures vanquished.

Vanquished Creatures (others)
  An orc wizard (D:4)
  An orc (D:4)
2 creatures vanquished.

Grand Total: 167 creatures vanquished

Notes
Turn   | Place    | Note
-------+----------+-------------------------------------------
     0 | D:1      | pop123321pop the Deep Elf Conjurer began the quest for the
                  | Orb.
     0 | D:1      | Reached XP level 1. HP: 10/10 MP: 6/6
   242 | D:1      | Reached XP level 2. HP: 15/15 MP: 6/8
  1172 | D:2      | Reached XP level 3. HP: 18/19 MP: 2/11
  1336 | D:2      | Reached skill level 5 in Spellcasting
  1585 | D:2      | Reached XP level 4. HP: 24/24 MP: 11/13
  2490 | D:3      | Found a sparkling altar of Nemelex Xobeh.
  2529 | D:3      | Reached skill level 5 in Conjurations
  2529 | D:3      | Reached XP level 5. HP: 14/28 MP: 8/15
  2804 | D:3      | Found a glowing golden altar of the Shining One.
  3638 | D:3      | Learned a level 2 spell: Searing Ray
  3940 | D:4      | Found a white marble altar of Elyvilon.
  3991 | D:4      | Reached XP level 6. HP: 25/32 MP: 6/17
  5087 | D:5      | Entered Level 5 of the Dungeon
  5163 | D:5      | Learned a level 2 spell: Ensorcelled Hibernation
  5241 | D:5      | Reached XP level 7. HP: 11/36 MP: 4/19
  5993 | D:5      | Noticed Eustachio
  6006 | D:5      | Killed Eustachio
  6011 | D:5      | Reached XP level 8. HP: 41/41 MP: 1/20
  6226 | D:6      | Identified the +3 scale mail of Ytaptiul {rElec Slay+3}
  6389 | D:6      | Reached skill level 10 in Conjurations
  6989 | D:6      | Reached skill level 5 in Dodging
  7287 | D:7      | Learned a level 3 spell: Dazzling Flash
  7583 | D:7      | Noticed Pikel
  7968 | D:7      | Found Hitas's Weapon Shop.
  8132 | D:7      | Reached XP level 9. HP: 45/45 MP: 14/21
  8242 | D:7      | Killed Pikel
  9583 | D:8      | Reached skill level 10 in Dodging
  9752 | D:7      | Gained mutation: Your body sometimes deteriorates upon
                  | taking damage. [potion of mutation]
  9752 | D:7      | Gained mutation: Your muscles are strong. (Str +4, Int/Dex
                  | -1) [potion of mutation]
 10495 | D:8      | Noticed Maurice
 10509 | D:8      | Killed Maurice
 10510 | D:8      | Reached skill level 5 in Stealth
 10971 | D:9      | Found a shadowy altar of Dithmenos.
 11047 | D:9      | Noticed a boulder beetle
 11321 | D:9      | Slain by a boulder beetle

Illustrated notes

Levels and vault maps discovered:
D:1:      eino_arrival_tree_alley, layout_basic
D:2:      layout_loops_ring
D:3:      layout_basic, mainiacjoe_overflow_chevrons,
          nicolae_tso_carved_into_rock
D:4:      layout_basic, nicolae_elyvilon_temple_path, patterned_corridor
D:5:      cheibrodos_iron_armory, layout_loops_corners,
          minmay_temple_entry_nine_rooms, minivault_27, uniq_eustachio
D:6:      layout_loops_cross
D:7:      layout_loops_corners, serial_shops, nicolae_shop_window_shopping,
          uniq_pikel
D:8:      layout_gridville, chequers_serial_rivers_large_a, uniq_maurice
D:9:      layout_grid_maze, grunt_dithmenos_smoke, serial_shops, shop,
          grunt_ministairs_2, kennysheep_generic_room_7

Skill      XL: |  1  2  3  4  5  6  7  8  9 |
---------------+----------------------------+-----
Spellcasting   | 4 5 6 7 9 |  9.9
Conjurations   | 5 6 7 9 10 | 10.2
Dodging        | 8 10 | 10.0
Stealth        | 5 |  5.6
Armour         | |  0.4

Action                     |  1- 3 |  4- 6 |  7- 9 || total
---------------------------+-------+-------+-------++-------
  Melee: Mace              |       |     1 |       ||     1
         Rapier            |       |       |    10 ||    10
   Cast: Magic Dart        |    61 |   126 |   229 ||   416
         Searing Ray       |       |     8 |    58 ||    66
         Ensorcelled Hiber |       |     3 |     6 ||     9
         Dazzling Flash    |       |       |    15 ||    15
    Use: Scroll            |       |     5 |     6 ||    11
         Potion            |       |     2 |     3 ||     5
 Armour: Leather armour    |     1 |     2 |    19 ||    22
  Dodge: Dodged            |     4 |     9 |   204 ||   217
